 Dungeon Crawl Stone Soup version 0.32-a0-900-g30fb1b0edc (webtiles) character file.

Game seed: 10967430346182640236

53 Doorstop00 the Chopper (level 3, -6/34 HPs)
             Began as a Minotaur Berserker on Apr 5, 2024.
             Was a Believer of Trog.
             Mangled by a gnoll
             ... wielding a +0 halberd
              (7 damage)
             ... on level 3 of the Dungeon.
             The game lasted 00:05:46 (1775 turns).

Doorstop00 the Chopper (Minotaur Berserker)         Turns: 1775, Time: 00:05:47

Health: -6/34      AC:  5    Str: 21    XL:     3   Next: 64%
Magic:  2/2        EV: 10    Int:  6    God:    Trog [**....]
Gold:   120        SH:  0    Dex:  9    Spells: 2/2 levels left

rFire   . . .        a - +0 hand axe
rCold   . . .        (no shield)
rNeg    . . .        l - +0 ring mail
rPois   .            (helmet restricted)
rElec   .            (no cloak)
rCorr   .            (no gloves)
SInv    .            (no boots)
Will    .....        (no amulet) Stlth
                     (no ring)
HPRegen 0.25/turn    (no ring)
MPRegen 0.08/turn

%: no passive effects
@: no status effects
A: horns 2, retaliatory headbutt
a: Renounce Religion, Berserk, Trog's Hand


You were on level 3 of the Dungeon.
You worshipped Trog.
Trog was pleased with you.
You visited 1 branch of the dungeon, and saw 3 of its levels.

You collected 120 gold pieces.

Inventory:

Hand Weapons
 a - a +0 hand axe (weapon)
Armour
 l - a +0 ring mail (worn)
Scrolls
 b - a scroll of noise {unknown}
 c - a scroll of vulnerability {unknown}
 d - a scroll of enchant weapon
 e - a scroll of fear {unknown}
 f - a scroll of fog {unknown}
 g - a scroll of acquirement {unknown}
 h - a scroll of revelation {unknown}
 i - a scroll of amnesia {unknown}
 k - 4 scrolls of summoning
Potions
 j - 2 potions of enlightenment
 m - a potion of brilliance {unknown}


   Skills:
 * Level 4.4 Fighting
 * Level 4.7 Axes
 * Level 2.7 Armour
 * Level 2.5 Dodging


You had 2 spell levels left.
You didn't know any spells.
Your spell library was empty.

Dungeon Overview and Level Annotations

Branches:
Dungeon (3/15)

Altars:
The Shining One

Shops:
D:3 ((


Innate Abilities, Weirdness & Mutations

You have a pair of horns on your head.
You reflexively headbutt those who attack you in melee.


Message History

You hit the hobgoblin.
You kill the hobgoblin!
Trog accepts your kill.
You see here a hobgoblin corpse.
You open the door.
There is an open door here.
m - a purple potion A ball python comes into view.
You barely miss the ball python. Your headbutt misses the ball python.
The ball python bites you. The ball python completely misses you.
You slash the ball python!
You kill the ball python!
Trog accepts your kill.
Found Plog's Antique Weapon Shoppe.
You open the door.
There is an open door here.
There is an entrance to Plog's Antique Weapon Shoppe here.
There is an open door here.
There is an open door here.
A gnoll comes into view. It is wielding a +0 halberd.
The gnoll shouts!
A gnoll comes into view. It is wielding a +0 spear.
The gnoll moves out of view.
The gnoll attacks as it pursues you!
The gnoll hits you from afar with a +0 halberd!
A gnoll comes into view. It is wielding a +0 club.
The gnoll hits you with a +0 halberd!
* * * LOW HITPOINT WARNING * * *
You hit the gnoll.
The gnoll is lightly wounded.
The gnoll closely misses you.
You barely miss the gnoll.
You headbutt the gnoll, but do no damage.
The gnoll is lightly wounded.
The gnoll closely misses you. The gnoll hits you with a +0 halberd!
* * * LOW HITPOINT WARNING * * *
You closely miss the gnoll.
The gnoll is lightly wounded.
The gnoll misses you. The gnoll hits you with a +0 halberd!
You die...

.# #..'∩#..........#####
## #.####.#.###....#
###.....##.# #....#
#........#.###..###
##..##.##.#......#
....#..##.######'##
~~~~~..##.# #...#
~~~~.P.##.# ##.###.###
≈≈~.~~P...# #.@g......
≈~≈~.~♣.####....##g###.#
~.~.P..... +..#.# .g.
.~~~~P..## #..#.. #.#
.......## ## #.# ... #.#
..# #.# ..# #.# ^. ###
#..


You could see 3 gnolls.

Vanquished Creatures
  An ufetubus (D:3)
  2 dart slugs
  An orc (D:3)
  7 bats
  4 endoplasms
  3 giant cockroaches
  2 goblins (D:2)
  6 hobgoblins
  3 kobolds
  7 ball pythons
  4 frilled lizards
  2 rats
42 creatures vanquished.

Notes
Turn   | Place    | Note
-------+----------+-------------------------------------------
     0 | D:1      | Doorstop00 the Minotaur Berserker began the quest for the
                  | Orb.
     0 | D:1      | Reached XP level 1. HP: 19/19 MP: 0/0
   218 | D:1      | Reached XP level 2. HP: 19/27 MP: 1/1
   672 | D:1      | Reached ** piety under Trog
   735 | D:2      | Reached XP level 3. HP: 33/33 MP: 2/2
  1042 | D:2      | Found a faded altar of an unknown god.
  1478 | D:3      | Found Eddif's Weapon Shoppe.
  1483 | D:3      | Found a glowing golden altar of the Shining One.
  1730 | D:3      | Found Plog's Antique Weapon Shoppe.
  1774 | D:3      | HP: 1/34 [gnoll/+0 halberd (10)]
  1775 | D:3      | Mangled by a gnoll

Illustrated notes

Levels and vault maps discovered:
D:1:      wander_arrival_estate, layout_basic, minmay_distorted
D:2:      layout_basic, ebering_ecumenical_altar_hall
D:3:      layout_loops_corners, tso_metal_star, mainiacjoe_overflow_catwalk,
          marbit_many_paths, serial_shops, nicolae_shop_bloodbath_and_beyond,
          shop, nicolae_shop_window_shopping, serial_bayou, serial_bayou_pond_e,
          serial_bayou_pond_b, serial_bayou_shore_b, serial_bayou_crossing,
          nicolae_concentric_dashed_squares_mild, minmay_surrounded

Skill      XL: |  1  2 |
---------------+-------+-----
Axes           | 4 |  4.7
Fighting       | 4 |  4.4
Armour         | |  2.7
Dodging        | |  2.5

Action                     || total
---------------------------++-------
  Melee: Hand axe          ||    94
         Headbutt          ||    12
 Invoke: Berserk           ||     1
    Use: Scroll            ||     3
 Armour: Animal skin       ||    38
         Leather armour    ||     5
         Ring mail         ||    37
  Dodge: Dodged            ||    73

Table legend: (Time is in decaauts)
 A = Elapsed time spent in this place.
 B = Non-inter-level travel time spent in this place.
 C = Inter-level travel time spent in this place.
 D = Time resting spent in this place.
 E = Time spent auto-exploring this place.
 F = Levels seen in this place.
 G = Mean time per level.
                   A        B        C        D        E       F      G
               +--------+--------+--------+--------+--------+-----+--------+
         Total |   1793 |   1725 |     68 |     64 |   1242 |   3 |  597.7 |
       Dungeon |   1793 |   1725 |     68 |     64 |   1242 |   3 |  597.7 |
               +--------+--------+--------+--------+--------+-----+--------+

Top non-repeatable levels by time:
     D:2: 734 daAuts
     D:1: 732 daAuts
     D:3: 326 daAuts
